[Event "Team 45 45 League T46"]
[Site "Internet Chess Club"]
[Date "2010.09.08"]
[Round "5"]
[White "KidRattler"]
[Black "milesotoole"]
[Result "0-1"]
[WhiteElo "1079"]
[BlackElo "1461"]
[Opening "Latvian counter-gambit"]
[ECO "C40"]
[Time "09:17:05"]
[TimeControl "2700+45"]

1. e4 e5 2. Nf3 f5 3. Nc3 Nf6 4. d3 Bb4 5. Bd2 d6 6. Be2 Bxc3 7. Bxc3 fxe4 8.
dxe4 Nxe4 9. Qd3 Nxc3 10. Qxc3 O-O 11. Qb3+ Kh8 12. Qd3 Qf6 13. O-O-O Nc6 14.
Qe4 Bf5 15. Qh4 Qxh4 16. Nxh4 Be6 17. Nf3 Bxa2 18. b3 e4 19. Nd4 Nxd4 20. Rxd4
Rxf2 21. Kb2 Rxe2 22. Kxa2 Rxc2+ 23. Kb1 Rxg2 24. Rxe4 Kg8 25. Rf1 Rf8 26. Rfe1
Rgf2 27. Re8 Rxe8 28. Rxe8+ Kf7 29. Ra8 Rxh2 30. Rxa7 g5 31. Rxb7 g4 32. Rxc7+
Kg6 33. Rc6 g3 34. Rxd6+ Kg5 35. Rd1 g2 36. Rd5+ Kg4 37. Rd4+ Kf3 38. Rd3+ Ke2
39. Kc2 g1=Q 40. Rd8 Qc5+ 41. Kb2 Ke3+ 42. Kb1 Qc2+ 43. Ka1 Qb2# {White
checkmated} 0-1

[Event "Team 45 45 League T46"]
[Site "Internet Chess Club"]
[Date "2010.09.05"]
[Round "5"]
[White "crazyhorses"]
[Black "alaskauk"]
[Result "0-1"]
[WhiteElo "1530"]
[BlackElo "1531"]
[Opening "French: King's Indian attack"]
[ECO "C00"]
[Time "14:01:00"]
[TimeControl "2700+45"]

1. e4 e6 2. d3 d5 3. Nd2 Nc6 4. g3 Bc5 5. Bg2 Nf6 6. Ngf3 dxe4 7. dxe4 e5 8. O-O
Bg4 9. c3 O-O 10. Qc2 Re8 11. b4 Bd6 12. Nc4 Qe7 13. b5 Nb8 14. h3 Bxf3 15. Bxf3
Qd7 16. Rd1 Qe6 17. Nxd6 cxd6 18. Kh2 Rd8 19. Ba3 Ne8 20. Bg4 Qc4 21. Rab1 Qc7
22. c4 Nd7 23. Rd2 Nc5 24. Rbd1 Nf6 25. Bf3 b6 26. Bg2 Rac8 27. f3 g5 28. Bf1
Qe7 29. Qc1 h6 30. Qc3 Nfxe4 31. fxe4 Nxe4 32. Qd3 Nxd2 33. Rxd2 Qf6 34. Bg2 Kg7
35. Bd5 Qg6 36. Qxg6+ Kxg6 37. Rf2 Rc7 38. Be4+ Kg7 39. Bd5 Re7 40. g4 Kg6 41.
Be4+ Kg7 42. Rd2 Re6 43. Bf5 Rf6 44. c5 bxc5 45. Bxc5 Rb8 46. Bxd6 Rxb5 47. a3
h5 48. Kg2 Rh6 49. Rd3 Rh8 50. Re3 f6 51. Rc3 Rb7 52. Be6 Rd8 53. Bc5 h4 54. Bb4
Rd2+ 55. Kf3 Rh2 56. Ke4 Re2+ 57. Kd5 a5 58. Bd6 a4 59. Rc8 Rb5+ 60. Kc6 f5 61.
Rc7+ Kf6 62. Kxb5 Kxe6 63. Bb4 f4 64. Rc6+ Kd5 65. Rd6+ Ke4 66. Rg6 f3 67. Bc5
Kf4 68. Rf6+ Kg3 69. Rf5 f2 70. Bxf2+ Rxf2 71. Rxe5 Kxh3 72. Rxg5 Rf4 73. Rg7
Rxg4 74. Ra7 Kg2 75. Rc7 h3 76. Rc2+ Kg1 77. Rc1+ Kh2 78. Ka5 Rf4 79. Rc2+ Kg1
80. Rc6 h2 81. Rg6+ Kf2 82. Rh6 Kg3 83. Rg6+ Rg4 {White resigns} 0-1

[Event "Team 45 45 League T46"]
[Site "Internet Chess Club"]
[Date "2010.09.02"]
[Round "5"]
[White "Tjet"]
[Black "mongmong"]
[Result "1-0"]
[WhiteElo "1534"]
[BlackElo "1460"]
[Opening "English opening"]
[ECO "A13"]
[Time "20:01:05"]
[TimeControl "2700+45"]

1. c4 e6 2. g3 Nf6 3. Bg2 d5 4. cxd5 Nxd5 5. Nf3 b6 6. O-O Bb7 7. a3 Be7 8. Nc3
O-O 9. d3 Nd7 10. Nxd5 Bxd5 11. Be3 c5 12. Bf4 Re8 13. e4 Bb7 14. Re1 Nf6 15.
Bg5 h6 16. Bxf6 Bxf6 17. e5 Be7 18. d4 Rc8 19. Rc1 Rc7 20. dxc5 Bxc5 21. Qxd8
Rxd8 22. b4 Bxf2+ 23. Kxf2 Rcd7 24. Bf1 Bxf3 25. Kxf3 Rd2 26. h4 Ra2 27. Rc3 g6
28. Re2 Ra1 29. Bg2 Rdd1 30. g4 Rd4 31. Kg3 h5 32. Re4 Rd2 33. Rf3 Rg1 34. Rf2
Rd3+ 35. Kh2 Ra1 36. gxh5 gxh5 37. Ref4 Raxa3 38. Rxf7 Re3 39. R7f3 Rxf3 40.
Rxf3 Ra2 41. Kg3 Rb2 42. Bh3 Rxb4 43. Bxe6+ Kg7 44. Rf7+ Kh6 45. Rxa7 Re4 46.
Bd5 Rxe5 47. Bf3 Rb5 48. Rb7 Rb3 49. Rb8 Kg7 50. Rb7+ Kh6 51. Rd7 Rb5 52. Rd6+
Kg7 53. Re6 Rb3 54. Re5 b5 55. Rxh5 b4 56. Rb5 Rb2 57. Rb6 Rb3 58. h5 Rb1 59.
Kf4 b3 60. Kg5 Rg1+ 61. Bg4 Rg3 62. Rb7+ Kh8 63. h6 Rg2 64. Rxb3 Ra2 65. Rb8+
{Black resigns} 1-0

[Event "Team 45 45 League T46"]
[Site "Internet Chess Club"]
[Date "2010.09.06"]
[Round "5"]
[White "seattleblues"]
[Black "dpmdpm"]
[Result "1-0"]
[WhiteElo "1277"]
[BlackElo "1422"]
[Opening "Sicilian: Alapin's variation (2.c3)"]
[ECO "B22"]
[Time "06:31:04"]
[TimeControl "2700+45"]

1. e4 c5 2. c3 Nf6 3. e5 Nd5 4. Bc4 Nb6 5. Bb3 e6 6. Nf3 Nc6 7. O-O c4 8. Bc2 d6
9. Re1 dxe5 10. Nxe5 Nxe5 11. Rxe5 Bd6 12. Re1 O-O 13. d3 cxd3 14. Qxd3 f5 15.
Nd2 Qc7 16. Nf3 h6 17. Bb3 Rf6 18. Be3 Bd7 19. Rad1 Bc5 20. Bxc5 Qxc5 21. Ne5
Be8 22. Nf3 Ba4 23. Bxe6+ Rxe6 24. Rxe6 Bxd1 25. Qxd1 Nc4 26. Qc2 Rd8 27. Nd4 f4
28. h3 Rf8 29. Nb3 Qd5 30. Re4 Nd6 31. Rd4 Qe5 32. Nd2 Nf5 33. Re4 Qd6 34. Nc4
Qc7 35. Ne5 Nd6 36. Qb3+ Kh8 37. Ng6+ {Black resigns} 1-0

[Event "Team 45 45 League T46"]
[Site "Internet Chess Club"]
[Date "2010.09.02"]
[Round "5"]
[White "otib2006"]
[Black "Conjurer"]
[Result "0-1"]
[WhiteElo "1214"]
[BlackElo "1295"]
[Opening "Sicilian defense"]
[ECO "B20"]
[Time "16:01:06"]
[TimeControl "2700+45"]

1. e4 c5 2. Bc4 d6 3. Nf3 Nf6 4. c3 e6 5. d3 Nc6 6. Bb5 Be7 7. Bxc6+ bxc6 8. Bg5
O-O 9. Nbd2 e5 10. O-O Bg4 11. Qa4 Qc7 12. Qc2 d5 13. Bxf6 Bxf6 14. a4 a5 15.
Ne1 Rab8 16. Nb3 c4 17. Nc5 Qd6 18. b4 axb4 19. Na6 b3 20. Qb2 Rb6 21. Nb4 Be7
22. a5 Rb5 23. a6 Qg6 24. a7 Ra8 25. Ra6 Bd7 26. Nxd5 Bc5 27. Nc7 Rxa7 28. Rxa7
Bxa7 29. Nxb5 cxb5 30. Nf3 Bh3 31. Nh4 Qg5 32. Ra1 Bc5 33. Ra8+ Bf8 34. dxc4
bxc4 35. Ra1 Be6 36. Nf3 Qf4 37. Qd2 f6 38. Qxf4 exf4 39. Nd4 Bf7 40. Kf1 g5 41.
f3 Kg7 42. Ke1 Bc5 43. Kd1 Be8 44. Ne6+ Kf7 45. Nxc5 Bb5 46. Kc1 h5 47. Kb2 Ke7
48. Ra7+ Kd6 49. Na4 g4 50. Ra5 Kc6 51. Ka3 h4 52. fxg4 h3 53. Kb4 hxg2 54. Rxb5
g1=Q 55. Rc5+ Qxc5+ 56. Nxc5 b2 57. Ka3 b1=Q 58. Ne6 Qb3# {White checkmated} 0-1

[Event "Team 45 45 League T46"]
[Site "Internet Chess Club"]
[Date "2010.09.06"]
[Round "5"]
[White "viking99"]
[Black "CaoCao"]
[Result "1-0"]
[WhiteElo "1839"]
[BlackElo "1899"]
[Opening "Ruy Lopez: Schliemann defense, Berger variation"]
[ECO "C63"]
[Time "15:04:54"]
[TimeControl "2700+45"]

1. e4 e5 2. Nf3 Nc6 3. Bb5 f5 4. Nc3 fxe4 5. Nxe4 d5 6. Nxe5 dxe4 7. Qh5+ g6 8.
Nxg6 hxg6 9. Qxh8 Be6 10. Bxc6+ bxc6 11. Qe5 Qd5 12. Qxc7 Bd6 13. Qb7 Rd8 14.
Qxa7 Bc5 15. Qg7 Ne7 16. O-O Qh5 17. Qf6 Bc4 18. d3 exd3 19. cxd3 Bxd3 20. Re1
Bd6 21. Bf4 Qc5 22. Rad1 Bxf4 23. Qxf4 Bf5 24. Rxd8+ Kxd8 25. Qb8+ Bc8 26. Rd1+
Nd5 27. Qe5 Qc2 28. Qd4 Bd7 29. a4 Kc7 30. a5 Kb7 31. b4 Qe2 32. Qd3 Qxd3 33.
Rxd3 Bf5 34. Rd4 Ka6 35. g4 Bc2 36. f4 Kb5 37. Kf2 Nf6 38. h3 Nd5 39. h4 Nf6 40.
Kf3 Bb3 41. Rd6 Bd5+ 42. Rxd5+ cxd5 43. f5 gxf5 44. gxf5 d4 45. Ke2 Kc4 46. a6
d3+ 47. Kd1 Ne4 48. a7 Kc3 49. a8=Q Nf2+ 50. Ke1 d2+ 51. Kxf2 d1=Q 52. Qf3+
{Black resigns} 1-0

[Event "Team 45 45 League T46"]
[Site "Internet Chess Club"]
[Date "2010.09.06"]
[Round "5"]
[White "kabindra"]
[Black "Kingofknights"]
[Result "1-0"]
[WhiteElo "1807"]
[BlackElo "1618"]
[Opening "Caro-Kann: advance variation"]
[ECO "B12"]
[Time "10:00:11"]
[TimeControl "2700+45"]

1. e4 c6 2. d4 d5 3. e5 Bf5 4. Nf3 e6 5. Be2 Nd7 6. O-O h6 7. c3 c5 8. a3 Ne7 9.
Nbd2 c4 10. b3 b5 11. a4 a6 12. Ba3 Ng6 13. Bxf8 Ngxf8 14. Qc1 Ng6 15. Qa3 Qe7
16. axb5 Nf4 17. Rfe1 Qxa3 18. Rxa3 Nxe2+ 19. Rxe2 Bd3 20. Re1 cxb3 21. bxa6 Nb6
22. Nxb3 Rxa6 23. Rxa6 Bxa6 24. Nc5 Bc4 25. Rb1 Nc8 26. Rb8 O-O 27. Nd2 Be2 28.
Nd7 Rd8 29. Nb6 Ba6 30. Nb3 Rf8 31. Nd7 Rd8 32. Nbc5 Bc4 33. Nb6 Ba2 34. Rxc8
Rxc8 35. Nxc8 g5 36. Nd6 Kg7 37. Nd7 Kg6 38. Nf6 Bb1 39. f3 h5 40. Kf2 Bd3 41.
g3 Bc2 42. Ke3 Bb1 43. f4 gxf4+ 44. gxf4 Bc2 45. Kd2 Bb1 46. Kc1 Bd3 47. h4 Bf1
48. Kb2 Be2 49. Kb3 Kg7 50. Kb4 Kf8 51. Kc5 Ke7 52. Kc6 Bf3 53. Ng8+ Kf8 54. Nh6
Ke7 55. Nhxf7 Bg2 56. Ng5 Bf1 57. Kc7 Be2 58. Nc8+ Ke8 59. Nxe6 Kf7 60. Ng5+ Ke8
61. Kd6 Bc4 62. Nb6 Ba2 63. Nxd5 Bb3 64. Nf6+ Kd8 65. Nxh5 Ke8 66. Nf6+ Kd8 67.
d5 Bc2 68. h5 Bd3 69. h6 Kc8 70. e6 Kb7 71. e7 Kb6 72. e8=Q Ka5 73. Qa8+ Kb5 74.
Qc6+ Ka5 75. Qc5+ Bb5 76. c4 Ka4 77. Qxb5+ Ka3 78. c5 Ka2 79. c6 Ka3 80. c7 Ka2
81. c8=Q Ka3 82. Qa8# {Black checkmated} 1-0

[Event "Team 45 45 League T46"]
[Site "Internet Chess Club"]
[Date "2010.09.04"]
[Round "5"]
[White "badmove"]
[Black "cepheid"]
[Result "1/2-1/2"]
[WhiteElo "1708"]
[BlackElo "1642"]
[Opening "Sicilian: closed, 6.f4"]
[ECO "B25"]
[Time "16:01:31"]
[TimeControl "2700+45"]

1. e4 c5 2. Nc3 g6 3. g3 Bg7 4. Bg2 Nc6 5. d3 d6 6. f4 Nf6 7. Nf3 O-O 8. O-O Bg4
9. h3 Bxf3 10. Qxf3 Rb8 11. Be3 Nd7 12. g4 Nd4 13. Qd1 b5 14. Rb1 b4 15. Ne2
Nxe2+ 16. Qxe2 Qa5 17. h4 Qxa2 18. Ra1 Qxb2 19. Rxa7 Rfd8 20. h5 b3 21. Rc1 bxc2
22. Rxc2 Qb6 23. Raa2 Ra8 24. hxg6 hxg6 25. Rxa8 Rxa8 26. e5 Ra1+ 27. Kh2 dxe5
28. f5 Qd6 29. Be4 Qb6 {Game drawn by mutual agreement} 1/2-1/2

[Event "Team 45 45 League T46"]
[Site "Internet Chess Club"]
[Date "2010.09.05"]
[Round "5"]
[White "Guoruey"]
[Black "RamRock"]
[Result "1-0"]
[WhiteElo "1922"]
[BlackElo "1802"]
[Opening "Caro-Kann: advance variation"]
[ECO "B12"]
[Time "20:35:58"]
[TimeControl "2700+45"]

1. e4 c6 2. d4 d5 3. e5 Bf5 4. Nf3 e6 5. Be2 c5 6. O-O Nc6 7. c3 Nge7 8. dxc5
Ng6 9. Bg5 Qc7 10. Nd4 Bxb1 11. Rxb1 Bxc5 12. b4 Bb6 13. a4 Qxe5 14. Nf3 Qd6 15.
c4 Nxb4 16. cxd5 exd5 17. Rxb4 Qxb4 18. Bb5+ Kf8 19. Qxd5 f6 20. Qxb7 Rd8 21.
Be3 Bxe3 22. fxe3 Qe7 23. Qc6 Ne5 24. Qc3 Nxf3+ 25. Rxf3 Qd6 26. h3 Ke7 27. Rf4
g6 28. Rd4 Qb6 29. Re4+ Kf8 30. Qb4+ Qd6 31. Re8+ Kf7 32. Qxd6 Rxd6 33. Rxh8 a6
34. Rxh7+ Ke6 35. Bc4+ Kf5 36. Ra7 Rd1+ 37. Kf2 Ke4 38. Re7+ Kf5 39. Bxa6 g5 40.
Bb5 g4 41. Kg3 gxh3 42. Kxh3 Kg5 43. a5 f5 44. a6 f4 45. exf4+ Kxf4 46. Rf7+ Kg5
47. a7 Ra1 48. Bc6 {Black resigns} 1-0

[Event "Team 45 45 League T46"]
[Site "Internet Chess Club"]
[Date "2010.09.03"]
[Round "5"]
[White "christinaa"]
[Black "John3v16"]
[Result "1-0"]
[WhiteElo "1987"]
[BlackElo "1733"]
[Opening "Ruy Lopez: closed"]
[ECO "C90"]
[Time "09:02:39"]
[TimeControl "2700+45"]

1. e4 e5 2. Nf3 Nc6 3. Bb5 a6 4. Ba4 Nf6 5. O-O b5 6. Bb3 Be7 7. Re1 d6 8. c3
Bb7 9. d4 O-O 10. Nbd2 exd4 11. cxd4 Na5 12. Bc2 d5 13. e5 Ne8 14. Nf1 f6 15.
Ng3 fxe5 16. Nxe5 Nc4 17. Bxh7+ Kxh7 18. Ng6 Bd6 19. b3 Nb6 20. Qh5+ Kg8 21.
Qh8+ Kf7 22. Qh5 Nf6 23. Ne5+ Kg8 24. Qg6 Qe8 25. Qg5 Bxe5 26. Rxe5 Qf7 27. Nf5
Kh8 28. Re7 Nh7 29. Qg3 Qf6 30. Bf4 g6 31. Be5 {Black resigns} 1-0

[Event "Team 45 45 League T46"]
[Site "Internet Chess Club"]
[Date "2010.09.04"]
[Round "5"]
[White "RD1974"]
[Black "Pablito15"]
[Result "0-1"]
[WhiteElo "1814"]
[BlackElo "1567"]
[Opening "Bishop's opening: Classical variation"]
[ECO "C23"]
[Time "20:03:15"]
[TimeControl "2700+45"]

1. e4 e5 2. Bc4 Bc5 3. Nc3 Nf6 4. d3 d6 5. f4 Be6 6. Bb3 O-O 7. Nf3 c6 8. fxe5
dxe5 9. Nxe5 Qd4 10. Qf3 Qxe5 11. Bf4 Qd4 12. h3 Nbd7 13. O-O-O Bxb3 14. axb3
Ne5 15. Qe2 Ng6 16. Bg3 Qe3+ 17. Qxe3 Bxe3+ 18. Kb1 Nh5 19. Bd6 Rfd8 20. e5 Bd4
21. g4 Nhf4 22. Rde1 f6 23. Ne4 Bxe5 24. Bb4 a5 25. Bd2 a4 26. Nc5 a3 27. Bc3 b5
28. Bxe5 Nxe5 29. bxa3 Rxa3 30. Kb2 Ra7 31. Re4 Nfg6 32. h4 Nd7 33. Ne6 Ndf8 34.
Nd4 Ne5 35. g5 fxg5 36. hxg5 Nfg6 37. Rhe1 Rf7 38. Ne6 Re8 39. Nc5 Rfe7 40. Kc3
Nf7 41. Ne6 Nd6 42. R4e3 Nf8 43. Nxg7 Rxe3 44. Nxe8 Rxe1 45. Nxd6 Ne6 46. Ne4
Rg1 47. Nf6+ Kg7 48. Nd7 Rxg5 49. Nb8 c5 50. Nd7 h5 51. b4 h4 52. bxc5 Nxc5 53.
Nxc5 Rxc5+ 54. Kb4 Rxc2 55. Kxb5 Rd2 56. Kc4 h3 57. Kc3 Rxd3+ 58. Kxd3 h2 {White
resigns} 0-1

[Event "Team 45 45 League T46"]
[Site "Internet Chess Club"]
[Date "2010.09.06"]
[Round "5"]
[White "QueensCounselor"]
[Black "egyptiantiger"]
[Result "1-0"]
[WhiteElo "2182"]
[BlackElo "2158"]
[Opening "King's Indian: orthodox, Aronin-Taimanov, 9.Ne1"]
[ECO "E98"]
[Time "13:30:18"]
[TimeControl "2700+45"]

1. d4 Nf6 2. c4 g6 3. Nc3 Bg7 4. e4 d6 5. Nf3 O-O 6. Be2 e5 7. O-O Nc6 8. d5 Ne7
9. Ne1 Nd7 10. Be3 f5 11. f3 f4 12. Bf2 g5 13. a4 Rf6 14. a5 Rh6 15. Nd3 Qe8 16.
Be1 Qh5 17. h3 Nf6 18. Nf2 Qf7 19. b4 Rg6 20. c5 Kh8 21. Nb5 Ne8 22. Rc1 Ng8 23.
cxd6 cxd6 24. Nxa7 Bd7 25. Nb5 h5 26. Nc7 Bxh3 27. Nxa8 g4 28. fxg4 hxg4 29.
gxh3 gxh3+ 30. Kh2 Rg2+ 31. Kh1 Rg3 32. Bh5 Qe7 33. Ng4 Qg5 34. Bxg3 fxg3 35.
Rf5 Qh4 36. Qf3 Nef6 37. Nxf6 Nxf6 38. Rc8+ Kh7 39. Rxf6 Bxf6 40. Qf5+ {Black
resigns} 1-0

[Event "Team 45 45 League T46"]
[Site "Internet Chess Club"]
[Date "2010.09.04"]
[Round "5"]
[White "jefferyx"]
[Black "fledermaus"]
[Result "0-1"]
[WhiteElo "2009"]
[BlackElo "2012"]
[Opening "QGD: Orthodox defense, Botvinnik variation"]
[ECO "D60"]
[Time "13:31:59"]
[TimeControl "2700+45"]

1. d4 Nf6 2. c4 e6 3. Nf3 d5 4. Nc3 Be7 5. Bg5 O-O 6. e3 Nbd7 7. Bd3 c6 8. O-O
dxc4 9. Bxc4 Nd5 10. Bxe7 Qxe7 11. Bxd5 exd5 12. Qb3 Nb6 13. a4 Nc4 14. Qc2 Nd6
15. Rfe1 Bf5 16. Qb3 Rae8 17. Nd2 Qg5 18. Ne2 Re6 19. Nf4 Rh6 20. Qd1 Re8 21.
Nf1 Qh4 22. Qe2 Bc8 23. b3 Rf6 24. f3 g5 25. Nd3 Bf5 26. Ne5 Rfe6 27. a5 a6 28.
Qf2 Qxf2+ 29. Kxf2 Bc2 30. Nd2 f6 31. Nd7 Kf7 32. Nc5 R6e7 33. Rac1 Bf5 34. Nf1
h6 35. Re2 Bc8 36. Rce1 Nb5 37. Rd2 Nd6 38. Na4 Bf5 39. Nc3 Bg6 40. Rde2 Bd3 41.
Ng3 Bxe2 42. Rxe2 f5 43. h3 Kg6 44. Nf1 f4 45. exf4 gxf4 46. Rd2 Nf5 47. b4 Re3
48. Ne2 Rxe2+ 49. Rxe2 Rxe2+ 50. Kxe2 Nxd4+ 51. Kd3 Ne6 52. Nd2 Kf5 53. Nb3 Ke5
54. Nc5 Nxc5+ 55. bxc5 d4 56. Kc4 d3 57. Kxd3 Kd5 58. g3 fxg3 59. Ke3 h5 60. h4
Kxc5 61. f4 Kd5 62. Kf3 c5 63. Kxg3 Ke4 64. f5 Kxf5 65. Kf3 Ke5 66. Ke3 c4 67.
Kd2 Kd4 68. Kc2 Kc5 69. Kc3 Kb5 {White resigns} 0-1

[Event "Team 45 45 League T46"]
[Site "Internet Chess Club"]
[Date "2010.09.05"]
[Round "5"]
[White "jonesey"]
[Black "spand42"]
[Result "1-0"]
[WhiteElo "1952"]
[BlackElo "1906"]
[Opening "two knights defense: Wilkes Barre (Traxler) variation"]
[ECO "C57"]
[Time "08:00:20"]
[TimeControl "2700+45"]

1. e4 e5 2. Nf3 Nc6 3. Bc4 Nf6 4. Ng5 Bc5 5. Bxf7+ Ke7 6. Bb3 Rf8 7. Nc3 Bxf2+
8. Kxf2 Nxe4+ 9. Ke1 Nxg5 10. d4 Nf7 11. Rf1 Qe8 12. Qh5 exd4 13. Ne4 Kd8 14.
Rxf7 Qxe4+ 15. Kf1 Qe8 16. Bg5+ Ne7 17. Re1 Rxf7+ 18. Bxf7 {Black resigns} 1-0

[Event "Team 45 45 League T46"]
[Site "Internet Chess Club"]
[Date "2010.09.07"]
[Round "5"]
[White "Walker42"]
[Black "smitty120"]
[Result "1/2-1/2"]
[WhiteElo "1937"]
[BlackElo "1885"]
[Opening "Trompowsky attack (Ruth, Opocenský opening)"]
[ECO "A45"]
[Time "16:18:57"]
[TimeControl "2700+45"]

1. d4 Nf6 2. Bg5 Ne4 3. Bf4 c5 4. f3 g5 5. Bc1 Nd6 6. Bxg5 Bg7 7. c3 cxd4 8.
cxd4 Nc6 9. Bd2 Qb6 10. e3 Qxb2 11. Nc3 Qb6 12. Rb1 Qd8 13. Bd3 e6 14. f4 Qh4+
15. g3 Qh6 16. Nf3 b6 17. Ne4 Nxe4 18. Bxe4 Bb7 19. Ne5 Bxe5 20. dxe5 Qf8 21.
Bb4 Nxb4 22. Bxb7 Rb8 23. Be4 Qc5 24. Qd4 Qxd4 25. exd4 Nxa2 26. Kd2 a5 27. d5
exd5 28. Bxd5 Nb4 29. Be4 h6 30. Rhd1 Ke7 31. Ke3 Rbc8 32. Rd6 b5 33. Rbd1 Rc7
34. Bf5 Rd8 35. Rxh6 a4 36. Rb6 Rc5 37. Rb7 Nd5+ 38. Kf2 a3 39. Ra1 b4 40. h4
Rc4 41. h5 Nxf4 42. h6 Ne6 43. h7 Rd4 44. Ke3 Rd5 45. Ke4 Rd4+ 46. Ke3 {Game
drawn by mutual agreement} 1/2-1/2

[Event "Team 45 45 League T46"]
[Site "Internet Chess Club"]
[Date "2010.09.05"]
[Round "5"]
[White "TerryMalloy"]
[Black "MikeA"]
[Result "1-0"]
[WhiteElo "2008"]
[BlackElo "2124"]
[Opening "Sicilian: Pelikan, Chelyabinsk variation"]
[ECO "B33"]
[Time "18:11:45"]
[TimeControl "2700+45"]

1. e4 c5 2. Nf3 Nc6 3. d4 cxd4 4. Nxd4 Nf6 5. Nc3 e5 6. Ndb5 d6 7. Bg5 a6 8. Na3
b5 9. Nd5 Be7 10. Bxf6 Bxf6 11. c4 Nd4 12. cxb5 Bb7 13. Bc4 O-O 14. O-O axb5 15.
Nxb5 Rc8 16. Nxf6+ Qxf6 17. Nxd4 Rxc4 18. Qb3 Ba6 19. Qb6 d5 20. Qxf6 gxf6 21.
Nb3 Rxe4 22. Nc5 Bxf1 23. Nxe4 Bxg2 24. Nxf6+ Kg7 25. Nxh7 Kxh7 26. Kxg2 e4 27.
Rd1 Rd8 28. Kg3 f5 29. Kf4 Kg6 30. Rc1 d4 31. Rc6+ Kf7 32. Kxf5 d3 33. Rc7+ Ke8
34. Rc1 Rd4 35. Rd1 Ke7 36. Ke5 {Black resigns} 1-0

[Event "Team 45 45 League T46"]
[Site "Internet Chess Club"]
[Date "2010.09.03"]
[Round "5"]
[White "CaoCao"]
[Black "Folgers"]
[Result "0-1"]
[WhiteElo "1919"]
[BlackElo "2043"]
[Opening "Scotch game"]
[ECO "C45"]
[Time "20:01:10"]
[TimeControl "2700+45"]

1. e4 Nc6 2. d4 e5 3. Nf3 exd4 4. Nxd4 Qf6 5. Nxc6 bxc6 6. Bd3 Bc5 7. O-O Ne7 8.
Nc3 d6 9. Na4 Bb6 10. Nxb6 axb6 11. c3 O-O 12. f4 Ba6 13. Be3 Bxd3 14. Qxd3 Ng6
15. Qc4 c5 16. Rae1 c6 17. a4 Rfe8 18. b3 Rad8 19. Bd2 d5 20. exd5 cxd5 21.
Rxe8+ Rxe8 22. Qb5 Ra8 23. Re1 h6 24. Re8+ Rxe8 25. Qxe8+ Kh7 26. Qe3 Qf5 27. b4
Qb1+ 28. Kf2 d4 29. cxd4 cxb4 30. d5 b3 31. Qd4 b2 32. Bc3 Qc2+ 33. Kg3 Qxc3+
34. Qxc3 b1=Q 35. d6 Qd1 36. Qc7 Qd3+ 37. Kf2 Qd2+ {White resigns} 0-1

[Event "Team 45 45 League T46"]
[Site "Internet Chess Club"]
[Date "2010.09.04"]
[Round "5"]
[White "Eyechess"]
[Black "primerpaso"]
[Result "1/2-1/2"]
[WhiteElo "1826"]
[BlackElo "1897"]
[Opening "Benoni: fianchetto variation"]
[ECO "A62"]
[Time "19:32:08"]
[TimeControl "2700+45"]

1. d4 Nf6 2. c4 e6 3. g3 c5 4. d5 exd5 5. cxd5 d6 6. Nf3 g6 7. Bg2 Bg7 8. Nc3
O-O 9. Bf4 Na6 10. O-O Nc7 11. Qb3 Rb8 12. e4 b5 13. e5 c4 14. Qd1 Nfe8 15. Nd4
Bb7 16. exd6 {Game drawn by mutual agreement} 1/2-1/2

[Event "Team 45 45 League T46"]
[Site "Internet Chess Club"]
[Date "2010.09.05"]
[Round "5"]
[White "GreatPelle"]
[Black "Goli"]
[Result "1/2-1/2"]
[WhiteElo "2043"]
[BlackElo "1824"]
[Opening "Pirc: Austrian attack, Ljubojevic variation"]
[ECO "B09"]
[Time "14:01:02"]
[TimeControl "2700+45"]

1. d4 Nf6 2. Nc3 g6 3. e4 d6 4. f4 Bg7 5. Bc4 O-O 6. e5 dxe5 7. fxe5 Ng4 8. e6
Qxd4 9. exf7+ Kh8 10. Qe2 Ne5 11. Bb3 Bg4 12. Nf3 Bxf3 13. gxf3 Qh4+ 14. Kf1
Nxf7 15. Qf2 {Game drawn by mutual agreement} 1/2-1/2

[Event "Team 45 45 League T46"]
[Site "Internet Chess Club"]
[Date "2010.09.07"]
[Round "5"]
[White "zepled37"]
[Black "Nikhil03"]
[Result "1-0"]
[WhiteElo "1753"]
[BlackElo "1553"]
[Opening "Sicilian: closed"]
[ECO "B23"]
[Time "18:04:51"]
[TimeControl "2700+45"]

1. e4 c5 2. Nc3 a6 3. f4 b5 4. d3 e6 5. Nf3 Nc6 6. g3 Bb7 7. Bg2 Qb6 8. O-O Nf6
9. Qe1 Be7 10. h3 O-O-O 11. e5 Nd5 12. Ne4 c4+ 13. Kh2 cxd3 14. cxd3 Ndb4 15.
Be3 Qc7 16. Qd2 d6 17. Rfc1 dxe5 18. Nxe5 f6 19. Nxc6 Bxc6 20. Nc5 Bxc5 21. Rxc5
Nd5 22. Rxc6 Qxc6 23. Rc1 Qxc1 24. Qxc1+ Nc7 25. Bb6 Rd7 26. Qc6 Kd8 27. Qa8+
{Black resigns} 1-0

[Event "Team 45 45 League T46"]
[Site "Internet Chess Club"]
[Date "2010.09.04"]
[Round "5"]
[White "crazyhorses"]
[Black "SpeedBlade"]
[Result "0-1"]
[WhiteElo "1548"]
[BlackElo "1468"]
[Opening "Réti: King's Indian attack (Barcza system)"]
[ECO "A07"]
[Time "14:00:42"]
[TimeControl "2700+45"]

1. Nf3 d5 2. g3 Nf6 3. Bg2 c6 4. d3 Bf5 5. Nbd2 e6 6. b3 Be7 7. Bb2 h6 8. e4 Bh7
9. O-O O-O 10. e5 Nfd7 11. Re1 a5 12. Nf1 a4 13. Ne3 a3 14. Bc1 c5 15. c3 Nc6
16. d4 cxd4 17. cxd4 Qb6 18. Nc2 Rfc8 19. Ne3 Nb4 20. Bf1 Nc2 21. Nxc2 Bxc2 22.
Qe2 Be4 23. Be3 Rc2 24. Qb5 Bxf3 25. Qxd7 Qc7 26. Bb5 Rd8 27. Qxc7 Rxc7 28. Rac1
Rdc8 29. h4 Bb4 30. Rxc7 Rxc7 31. Rc1 Rxc1+ 32. Bxc1 Bd1 33. f4 Bc3 34. Be3 Bxb3
{White resigns} 0-1

[Event "Team 45 45 League T46"]
[Site "Internet Chess Club"]
[Date "2010.09.02"]
[Round "5"]
[White "sly20"]
[Black "ryan2chess"]
[Result "1-0"]
[WhiteElo "1442"]
[BlackElo "1650"]
[Opening "Richter-Veresov attack"]
[ECO "D01"]
[Time "17:01:34"]
[TimeControl "2700+45"]

1. d4 Nf6 2. Nc3 d5 3. Bg5 e6 4. Nf3 Bb4 5. Qd3 O-O 6. a3 Ba5 7. O-O-O Nbd7 8.
e4 Bxc3 9. bxc3 dxe4 10. Qd2 exf3 11. gxf3 Qe7 12. Kb2 b6 13. Rg1 Kh8 14. Qf4 c5
15. Bb5 a6 16. Bxd7 Bxd7 17. Bh4 c4 18. Rxg7 e5 19. Bxf6 exf4 20. Rg8+ Kxg8 21.
Rg1+ Bg4 22. Rxg4# {Black checkmated} 1-0

[Event "Team 45 45 League T46"]
[Site "Internet Chess Club"]
[Date "2010.09.03"]
[Round "5"]
[White "dinosaurs01"]
[Black "BrerRabbit"]
[Result "0-1"]
[WhiteElo "1314"]
[BlackElo "1565"]
[Opening "Pirc: Holmov system"]
[ECO "B07"]
[Time "19:02:55"]
[TimeControl "2700+45"]

1. e4 d6 2. Nc3 Nf6 3. d4 g6 4. Bc4 Bg7 5. f3 Nc6 6. Be3 O-O 7. Qd2 Nd7 8. Nge2
Nb6 9. Bb3 Na5 10. h4 Nbc4 11. Bxc4 Nxc4 12. Qc1 Nxe3 13. Qxe3 b6 14. Nd5 e6 15.
Nb4 Bb7 16. Nd3 Rc8 17. c3 Re8 18. h5 g5 19. g4 h6 20. Kf2 c5 21. Rac1 cxd4 22.
cxd4 Qd7 23. b3 Rxc1 24. Rxc1 Rc8 25. Rd1 Qb5 26. Rc1 Qd7 27. Rd1 Rc7 28. Rd2
Qc8 29. Nb4 a5 30. Nd3 d5 31. e5 Ba6 32. b4 Bf8 33. bxa5 bxa5 34. Ndc1 Rxc1 35.
Nxc1 Qxc1 36. Qe1 Qxe1+ 37. Kxe1 Bb4 38. Kd1 Bxd2 39. Kxd2 Bc4 40. a3 Kf8 41.
Kc3 Ke7 42. Kd2 Kd7 43. Ke3 Bb3 44. f4 gxf4+ 45. Kxf4 Bc2 46. g5 hxg5+ 47. Kxg5
Ke7 48. h6 Bg6 49. Kg4 Kf8 50. Kg5 Kg8 51. Kf6 Kh7 52. Kg5 Kg8 53. Kf6 Kh8 54.
a4 Kh7 55. Kg5 Bf5 56. Kf6 Kxh6 57. Kxf7 Kg5 58. Ke7 Kf4 59. Kd6 Ke3 60. Kc5 Kd3
61. Kb5 Kxd4 62. Kxa5 Kxe5 63. Kb6 Bd3 64. a5 Bc4 65. Kc5 Ke4 66. Kb4 Ke3 67.
Kc3 e5 68. Kb4 e4 69. Kc3 Kf2 70. Kd4 e3 71. a6 Bxa6 72. Kxd5 e2 73. Kd4 e1=Q
74. Kc5 Qe4 75. Kb6 Be2 {White resigns} 0-1